 Dungeon Crawl Stone Soup version 0.17-a0-1719-g1afd5a1 (webtiles) character file.

14 Dargon the Ruffian (level 2, -11/24 HPs)
             Began as a Draconian Transmuter on Aug 27, 2015.
             Killed from afar by Terence (12 damage)
             ... with a wand of flame
             ... on level 2 of the Dungeon.
             The game lasted 00:02:28 (627 turns).

Dargon the Ruffian (Draconian Transmuter)            Turns: 627, Time: 00:02:28

Health: -11/24     AC:  4    Str: 12    XL:     2   Next: 27%
Magic:  4/5        EV: 12    Int: 13    God:
Gold:   42         SH:  0    Dex: 11    Spells: 1 memorised, 4 levels left

rFire  . . .     SeeInvis .       - Unarmed
rCold  . . .     Clarity  .     (armour unavailable)
rNeg   . . .     SustAt   .     (no shield)
rPois  .         Gourm    .     f - +0 hat
rElec  .         Spirit   .     (no cloak)
rCorr  .         Warding  .     (no gloves)
rMut   .         Stasis   .     (boots currently unavailable)
MR     .....                    (no amulet)
Stlth  +.........               (no ring)
                                (no ring)

@: appendage (expiring), not resistant to hostile enchantments, very unstealthy
A: unfitting armour, talons 3, cold-blooded, AC +4
a: End Transformation


You were on level 2 of the Dungeon.
You were not hungry.
You had grown temporary talons.
You visited 1 branch of the dungeon, and saw 2 of its levels.

You collected 42 gold pieces.

Inventory:

Missiles
 a - 12 arrows
Armour
 f - a +0 hat (worn)
Scrolls
 d - a scroll of remove curse {unknown}
 e - a scroll of enchant armour {unknown}
 h - a scroll of immolation {unknown}
 l - a scroll of magic mapping {unknown}
Potions
 g - a potion of brilliance {unknown}
Books
 b - a book of Changes

   Spells                             Type                      Level
   a - Beastly Appendage              Transmutation                1
   b - Sticks to Snakes               Transmutation                2
   c - Spider Form                    Transmutation/Poison         3
   d - Ice Form                       Ice/Transmutation            4
   e - Blade Hands                    Transmutation                5
Comestibles
 c - a bread ration
 i - a meat ration
 j - 4 fruits
 k - a chunk of flesh


   Skills:
 + Level 1.9 Fighting
 - Level 1.7 Dodging
 * Level 3.4 Unarmed Combat
 - Level 2.0 Spellcasting
 - Level 2.0 Transmutations


You had 4 spell levels left.
You knew the following spells:

 Your Spells              Type           Power        Failure   Level  Hunger
a - Beastly Appendage     Trmt           #.....       12%         1    ##.....


Dungeon Overview and Level Annotations

Branches:
Dungeon (2/15)

Altars:

Annotations:
D:2 Terence


Innate Abilities, Weirdness & Mutations

Your plain brown scales are hard (AC +4).
Your body does not fit into most forms of armour.
You are cold-blooded and may be slowed by cold attacks.
You have claws for feet.


Message History

Casting: Beastly Appendage
Confirm with . or Enter, or press ? or * to list all spells.
Your feet morph into talons.
Terence closely misses you.
You are too injured to fight recklessly!
You hit Terence but do no damage. You claw Terence, but do no damage.
Terence is moderately wounded.
Terence shouts, "Now you die!" Terence barely misses you.
You hit Terence but do no damage.
Terence is moderately wounded.
Terence hits you with a flail of protection.
* * * LOW HITPOINT WARNING * * *
You closely miss Terence.
Terence is moderately wounded.
Your transformation is almost over.
You closely miss Terence. Your kick misses Terence.
Terence is moderately wounded.
Terence zaps a wand.
The puff of flame hits you!
Ouch! That really hurt!
You die...

#.##.##. #...... ##
##..#.# . .....# ..
#. #....#
#...#.###<...#
##............###.#
.....###.##..>.....
#...###..@@..###.
#......#.......#
..#.####.#########
.......K.#
........##
.......@# ........#
....S...# .....S..#


You could see Terence.

Vanquished Creatures
  3 bats (D:1)
  2 hobgoblins (D:1)
  2 giant newts (D:1)
  4 goblins (D:1)
  2 kobolds
  A rat (D:1)
14 creatures vanquished.

Notes
Turn   | Place    | Note
--------------------------------------------------------------
     0 | D:1      | Dargon the Draconian Transmuter began the quest for the Orb.
     0 | D:1      | Reached XP level 1. HP: 16/16 MP: 3/3
   302 | D:1      | Reached XP level 2. HP: 21/24 MP: 5/5
   608 | D:2      | Noticed Terence
   625 | D:2      | HP: 1/24 [Terence/flail of protection (6)]
   627 | D:2      | Killed from afar by Terence

Vault maps used:
D:1:      saegor_arrival_miasma, minmay_liquid_box
D:2:      ecumenical_altar_2, uniq_natasha, uniq_terence

Action                   || total
-------------------------++-------
Melee: Unarmed           ||    58
 Cast: Beastly Appendage ||     1
